 Dungeon Crawl Stone Soup version 0.27-a0-1384-g1422d76b99 (webtiles) character file.

Game seed: 14455251377052975881

156 wesbby the Ruffian (level 5, -2/75 HPs)
             Began as a Troll Berserker on June 30, 2021.
             Was a Believer of Trog.
             Succumbed to a kobold's poison
             ... on level 3 of the Dungeon.
             The game lasted 00:02:50 (1153 turns).

wesbby the Ruffian (Troll Berserker)                Turns: 1153, Time: 00:02:51

Health: -2/75      AC:  4    Str: 26    XL:     5   Next: 15%
Magic:  4/4        EV: 10    Int:  3    God:    Trog [**....]
Gold:   106        SH:  0    Dex:  9    Spells: 4/4 levels left

rFire    . . .     SeeInvis .     - Unarmed
rCold    . . .     Faith    .   (no shield)
rNeg     . . .     Spirit   .   a - +0 animal skin
rPois    .         Reflect  .   (helmet restricted)
rElec    .         Harm     .   (no cloak)
rCorr    .         Rampage  .   (gloves unavailable)
Will     .....                  (boots unavailable)
Stlth    ..........             (no amulet)
HPRegen  1.22/turn              (no ring)
MPRegen  0.09/turn              (no ring)

@: brilliant, berserking, lethally poisoned (-2 -> -16), very quick
A: large, unfitting armour, claws 3, regeneration 1, shaggy fur 1, tough skin 1
a: Renounce Religion, Berserk, Trog's Hand


You were on level 3 of the Dungeon.
You worshipped Trog.
Trog was pleased with you.
You visited 1 branch of the dungeon, and saw 3 of its levels.

You collected 106 gold pieces.

Inventory:

Armour
 a - a +0 animal skin (worn)
Scrolls
 b - a scroll of vulnerability {unknown}
 c - a scroll of teleportation {unknown}
 d - a scroll of fear {unknown}
 g - a scroll of identify {unknown}
Potions
 f - a potion of attraction {unknown}
 h - a potion of degeneration {unknown}
 i - 2 potions of curing {unknown}


   Skills:
 - Level 2.4 Fighting
 + Level 3.5 Dodging
 + Level 0.1 Stealth
 + Level 4.9 Unarmed Combat


You had 4 spell levels left.
You didn't know any spells.
Your spell library was empty.

Dungeon Overview and Level Annotations

Branches:
Dungeon (3/15)

Altars:
Elyvilon

Annotations:
D:3 Robin


Innate Abilities, Weirdness & Mutations

You are too large for most types of armour.
You have claws for hands.
Your natural rate of healing is unusually fast.
You are covered in fur. (AC +1)
You have tough skin. (AC +1)


Message History

You are too injured to fight recklessly!
Unknown command.
You are too injured to fight recklessly!
You claw the goblin!
You kill the goblin!
Trog accepts your kill.
The kobold hits you with a +1 short sword of venom.
The hobgoblin barely misses you.
The goblin hits you but does no damage. x2
The kobold completely misses you. The goblin barely misses you.
There is an open door, spattered with blood here.
Items here: )) ††.
You closely miss the kobold.
The goblin no longer looks unusually strong.
The kobold hits you with a +1 short sword of venom.
You are poisoned.
You barely miss the kobold.
You feel very sick.
The kobold hits you with a +1 short sword of venom.
* * * LOW HITPOINT WARNING * * *
You are more poisoned.
You scratch the kobold but do no damage.
* * * LOW HITPOINT WARNING * * *
You feel very sick.
The hobgoblin no longer looks unusually strong.
Robin roars a battlecry!
The hobgoblin goes into a battle-frenzy!
The kobold hits you with a +1 short sword of venom.
* * * LOW HITPOINT WARNING * * *
You are lethally poisoned!
You hear a shout!
You closely miss the kobold.
* * * LOW HITPOINT WARNING * * *
You feel very sick. The goblin hits you with a +0 club.
* * * LOW HITPOINT WARNING * * *
Robin throws the goblin at you! The goblin hits you but does no damage.
The kobold barely misses you.
A red film seems to cover your vision as you go berserk!
You feel yourself moving faster!
You feel mighty!
You die...

####.#.. .....
#.#....#.## .....
#.#.#..... .....
#.#...... #'#'#
#.#....### ###.#.#
#.##...gg# ...#.#
#.##.#.#@# ##.##
###.#.###.#....#K#.....#
........#....##wg..#
###.##.†..#.###)gg.#
..#.##.##..............
#.#.##<...####.####.##..
......†...# .... ...
..#.......# ... .. .##
.#...#.#..#.... . .#


You could see Robin, a dart slug, 2 hobgoblins, 2 goblins and a kobold.

Vanquished Creatures
  Terence (D:2)
  3 gnolls (D:2)
  3 adders (D:2)
  2 worms
  3 dart slugs (D:1)
  10 ball pythons
  5 bats
  3 endoplasms
  4 giant cockroaches
  4 hobgoblins
  A quokka (D:1)
  2 frilled lizards (D:1)
  10 goblins
  3 kobolds
  9 rats
63 creatures vanquished.

Vanquished Creatures (others)
  A fungus (D:1)
  A plant (D:1)
2 creatures vanquished.

Grand Total: 65 creatures vanquished

Notes
Turn   | Place    | Note
-------+----------+-------------------------------------------
     0 | D:1      | wesbby the Troll Berserker began the quest for the Orb.
     0 | D:1      | Reached XP level 1. HP: 22/22 MP: 0/0
    59 | D:1      | Reached XP level 2. HP: 14/29 MP: 1/1
   149 | D:1      | Reached ** piety under Trog
   238 | D:1      | Reached XP level 3. HP: 36/36 MP: 2/2
   259 | D:1      | Found a faded altar of an unknown god.
   539 | D:2      | Reached skill level 4 in Unarmed Combat
   541 | D:2      | Noticed Terence
   547 | D:2      | Killed Terence
   548 | D:2      | Reached XP level 4. HP: 41/44 MP: 3/3
   916 | D:2      | Reached XP level 5. HP: 50/50 MP: 4/4
  1131 | D:3      | Found a white marble altar of Elyvilon.
  1131 | D:3      | Noticed Robin
  1152 | D:3      | HP: 1/50 [goblin[Robin] (3)]
  1153 | D:3      | Succumbed to a kobold's poison

Illustrated notes

Levels and vault maps discovered:
D:1:      psy_arrival_terrarium, layout_rooms,
          shapermc_ecumenical_altar_mp_urbaneastern
D:2:      layout_rooms, serial_bayou_pond_a, ebering_dispersal_statue_hall,
          uniq_terence
D:3:      layout_basic, lemuel_tele_altar, serial_shops, nicolae_shop_crystal,
          nicolae_shop_overgrown_old_shop, uniq_robin

Skill      XL: |  1  2  3 |
---------------+----------+-----
Dodging        | 3 |  3.5
Unarmed Combat | 4 |  4.9
Fighting       | |  2.4
Stealth        | |  0.1

Action                   |  1- 3 |  4- 6 || total
-------------------------+-------+-------++-------
Melee: Unarmed           |    86 |    71 ||   157
       Punch             |     1 |     1 ||     2
Invok: Berserk           |       |     1 ||     1
  Use: Potion            |       |     1 ||     1
 Stab: Sleeping          |       |     1 ||     1
Armor: Animal skin       |    57 |    29 ||    86
Dodge: Dodged            |    48 |    39 ||    87

Table legend: (Time is in decaauts)
 A = Elapsed time spent in this place.
 B = Non-inter-level travel time spent in this place.
 C = Inter-level travel time spent in this place.
 D = Time resting spent in this place.
 E = Time spent auto-exploring this place.
 F = Levels seen in this place.
 G = Mean time per level.
                   A        B        C        D        E       F      G
               +--------+--------+--------+--------+--------+-----+--------+
         Total |   1141 |   1055 |     86 |      0 |    768 |   3 |  380.3 |
       Dungeon |   1141 |   1055 |     86 |      0 |    768 |   3 |  380.3 |
               +--------+--------+--------+--------+--------+-----+--------+

Top non-repeatable levels by time:
     D:2: 520 daAuts
     D:1: 499 daAuts
     D:3: 121 daAuts
